 Dungeon Crawl Stone Soup version 0.32-a0-841-g4648e6c457 (webtiles) character file.

Game seed: 7357181222987967568

233698 ForkInBrain the Spry (level 18, -6/102 HPs)
             Began as a Spriggan Brigand on Mar 26, 2024.
             Was the Champion of Dithmenos.
             Mangled by a +4 battleaxe of flaming (35 damage)
             ... on level 2 of the Elven Halls.
             The game lasted 05:44:30 (62226 turns).

ForkInBrain the Spry (Spriggan Brigand)            Turns: 62226, Time: 05:44:30

Health: -6/102     AC: 11    Str:  9    XL:     18   Next: 42%
Magic:  5/27       EV: 33    Int: 20    God:    Dithmenos [******]
Gold:   791        SH:  0    Dex: 26    Spells: 7/27 levels left

rFire   . . .        a - +8 arbalest of Hotat {drain, rCorr Int+5}
rCold   . . .        (shield currently unavailable)
rNeg    . . .        I - +0 swamp dragon scales
rPois   +            (helmet restricted)
rElec   .            c - +2 cloak
rCorr   +            (gloves unavailable)
SInv    +            (boots unavailable)
Will    ++++.        D - amulet of regeneration
Stlth   +++++++++    n - +6 ring of dexterity
HPRegen 1.17/turn    m - ring of willpower
MPRegen 0.20/turn

%: no passive effects
@: wreathed by umbra, studying 2 skills, very quick
A: very small, no large weapons, unfitting armour, see invisible, speed 3,
inability to drink after injury 1
}: 2/15 runes: barnacled, gossamer
a: Renounce Religion, Shadow Step, Shadow Form


You were on level 2 of the Elven Halls.
You worshipped Dithmenos.
Dithmenos was exalted by your worship.
You visited 8 branches of the dungeon, and saw 34 of its levels.

You collected 3193 gold pieces.
You spent 2402 gold pieces at shops.

Inventory:

Hand Weapons
 a - the +8 arbalest of Hotat (weapon) {drain, rCorr Int+5}
   (You acquired it on level 2 of the Elven Halls)

   Int+5:     It affects your intelligence (+5).
   rCorr:     It protects you from acid and corrosion.
 b - the +0 arbalest of the Endless Expanse {penet, rF+}
   (You acquired it on level 2 of the Elven Halls)

   rF+:       It protects you from fire.
 l - the +7 hand cannon "Mule" {flame, backblast, rF+}
   (You bought it in a shop on level 2 of the Elven Halls)

   rF+:       It protects you from fire.
 s - a +4 dagger of venom
Missiles
 e - 7 curare-tipped darts
 r - 8 throwing nets
 N - 4 darts of dispersal
Armour
 c - a +2 cloak (worn)
 I - +0 swamp dragon scales (worn)
 V - a +1 buckler of reflection
Jewellery
 m - a ring of willpower (right hand)
 n - a +6 ring of dexterity (left hand)
 D - an amulet of regeneration (around neck)
 Q - a ring of protection from cold
 S - a ring of fire
 X - an amulet of reflection
 Y - the ring of Shadows {Umbra +Inv Stlth+}
   (You took it off a merfolk on level 4 of the Shoals)

   [ring of stealth]

   Umbra:     It surrounds you with an aura of shadow, increasing your stealth
   and reducing the accuracy of all others within it.
   +Inv:      It lets you turn invisible.
   Stlth+:    It makes you more stealthy.
 Z - a ring of positive energy
Wands
 o - a wand of digging (6)
 u - a wand of warping (33)
 B - a wand of polymorph (2)
 C - a wand of quicksilver (6)
 P - a wand of mindburst (10)
 R - a wand of paralysis (15)
Scrolls
 d - a scroll of summoning
 f - 5 scrolls of blinking
 g - 10 scrolls of teleportation
 h - a scroll of fog
 p - 4 scrolls of immolation
 q - a scroll of fear
 v - 4 scrolls of enchant weapon
 w - 9 scrolls of vulnerability
 z - a scroll of silence
 E - 2 scrolls of enchant armour
 O - 6 scrolls of poison
 W - 3 scrolls of amnesia
Potions
 j - 5 potions of cancellation
 k - 4 potions of haste
 t - a potion of heal wounds
 x - 9 potions of curing
 A - 2 potions of enlightenment
 F - a potion of magic
 H - 7 potions of lignification
 J - 8 potions of might
 K - 4 potions of mutation
 L - 4 potions of brilliance
 M - 4 potions of ambrosia
 U - 2 potions of invisibility
Miscellaneous
 i - a sack of spiders (inert)
 G - a tin of tremorstones (2/2)
 T - a phantom mirror (inert)


   Skills:
 - Level 14.0 Fighting
 - Level 5.7 Short Blades
 - Level 0.3(2.6) Long Blades
 + Level 17.5 Ranged Weapons
 - Level 4.5 Throwing
 - Level 3.9 Armour
 - Level 20.0 Dodging
 - Level 10.7 Stealth
 - Level 5.4 Spellcasting
 - Level 9.0 Hexes
 - Level 19.0 Translocations
 - Level 2.1 Invocations
 - Level 5.0 Evocations


You had 7 spell levels left.
You knew the following spells:

 Your Spells              Type           Power      Damage    Failure   Level
a - Apportation           Tloc           100%       N/A       0%          1
c - Tukima's Dance        Hex            41%        N/A       2%          3
d - Dispersal             Tloc           34%        N/A       1%          6
g - Gell's Gravitas       Tloc           69%        N/A       1%          3
p - Passage of Golubria   Tloc           69%        N/A       1%          4
t - Teleport Other        Tloc           69%        N/A       1%          3

Your spell library contained the following spells:

 Spells                   Type           Power      Damage    Failure   Level
 Jinxbite                 Hex            82%        N/A       1%          2
 Sigil of Binding         Hex            41%        N/A       2%          3
 Vhi's Electric Charge    Tloc/Air       86%        N/A       6%          4
 Ensorcelled Hibernation  Hex/Ice        46%        N/A       7%          2
 Necrotise                Necr           20%        1d5       28%         1
 Shock                    Conj/Air       20%        1d4       28%         1
 Sting                    Conj/Alch      20%        1d4       28%         1
 Summon Small Mammal      Summ           20%        N/A       28%         1
 Cigotuvi's Dreadful Rot  Necr/Alch/Air  10%        N/A       41%         2
 Static Discharge         Conj/Air       10%        3-4/arc   41%         2
 Passwall                 Erth           5%         N/A       65%         3
 Stone Arrow              Conj/Erth      10%        3d7       65%         3
 Swiftness                Air            5%         N/A       65%         3
 Yara's Violent Unravell  Hex/Alch       11%        3d6       77%         5
 Airstrike                Air            2%         2d(1-17)  96%         4
 Animate Armour           Summ/Erth      10%        N/A       96%         4
 Ignite Poison            Fire/Alch      5%         N/A       96%         4
 Leda's Liquefaction      Alch/Erth      2%         N/A       96%         4
 Summon Lightning Spire   Summ/Air       5%         N/A       96%         4
 Alistair's Intoxication  Alch           3%         N/A       100%        5
 Arcjolt                  Conj/Air       2%         1d12      100%        5
 Freezing Cloud           Conj/Ice/Air   2%         6-21      100%        5
 Lee's Rapid Deconstruct  Erth           2%         3d5*      100%        5
 Conjure Ball Lightning   Conj/Air       2%         3x3d6     100%        6
 Death Channel            Necr           2%         N/A       100%        6
 Permafrost Eruption      Ice/Erth       2%         2x4d2     100%        6
 Plasma Beam              Fire/Air       2%         2x1d12    100%        6
 Sculpt Simulacrum        Ice/Alch       2%         N/A       100%        6
 Disjunction              Tloc           34%        N/A       61%         8
 Discord                  Hex            20%        N/A       100%        8
 Lehudib's Crystal Spear  Conj/Erth      2%         10d2      100%        8


Dungeon Overview and Level Annotations

Branches:
Dungeon (15/15)            Temple (1/1) D:7            Lair (5/5) D:10
 Shoals (4/4) Lair:2       Spider (4/4) Lair:3        Slime (0/5) Lair:4
    Orc (2/2) D:9             Elf (2/3) Orc:2        Vaults (0/5) D:13
 Depths (1/4) D:15

Altars:
Ashenzari
Cheibriados
Dithmenos
Elyvilon
Fedhas
Gozag
Hepliaklqana
Kikubaaqudgha
Makhleb
Nemelex Xobeh
Okawaru
Qazlal
Ru
Sif Muna
Trog
Uskayaw
Vehumet
Wu Jian
Xom
Yredelemnul
Zin
The Shining One
Beogh

Shops:
D:3 ?!   Orc:1 *   Orc:2 =:[(*   Elf:1 !   Elf:2 (

Portals:
Hell: Depths:1

Annotations:
D:8 Amaemon
D:12 exclusion: downstairs
D:15 1 runed translucent door, exclusion: door, Xoisk's ghost, journeyman OnCA
Shoals:3 Bai Suzhen; Roxanne
Shoals:4 exclusion: upstairs
Spider:3 Asterion
Depths:1 zerker!


Innate Abilities, Weirdness & Mutations

You are very small and have problems with some larger weapons.
You are too small for most types of armour.
You have supernaturally acute eyesight. (SInv)
You cover ground extremely quickly. (Speed+++)
You occasionally lose the ability to drink potions when taking damage.


Message History

Confirm with . or Enter, or press ? or * to list all spells.
Casting: Dispersal (dangerous; 1% risk of failure)
Press: ? - help, Dir - look around, f - activate The +4 battleaxe of flaming blinks!
* * * LOW MAGIC WARNING * * *
Fire: a) +8 arbalest of Hotat {drain, rCorr Int+5}
Press: ? - help, Q - select action, (/) - cycle Shift-Dir - straight line, f - +4 battleaxe of flaming
Aim: a +4 battleaxe of flaming (black smoke, moderately damaged, umbra, 64% to hit)
You shoot a bolt.
The bolt hits the +4 battleaxe of flaming but does no damage.
The +4 battleaxe of flaming is moderately damaged.
Casting: Dispersal (dangerous; 1% risk of failure)
Confirm with . or Enter, or press ? or * to list all spells.
Casting: Dispersal (dangerous; 1% risk of failure)
Press: ? - help, Dir - look around, f - activate The +4 battleaxe of flaming blinks!
* * * LOW MAGIC WARNING * * *
Casting: Dispersal (dangerous; 1% risk of failure)
Confirm with . or Enter, or press ? or * to list all spells.
You don't have enough magic to cast this spell.
Unknown command.
You feel much better. The +4 battleaxe of flaming hits you!!
* * * LOW HITPOINT WARNING * * *
You emit a cloud of dark smoke.
The +4 battleaxe of flaming burns you.
* * * LOW HITPOINT WARNING * * *
You feel much better.
The +4 battleaxe of flaming completely misses you.
You feel much better.
The +4 battleaxe of flaming completely misses you. x2
Press: ? - help, v - describe, . - travel
Here: a +4 battleaxe of flaming (black smoke, lightly damaged, umbra)
The floor.
The +4 battleaxe of flaming hits you!!
* * * LOW HITPOINT WARNING * * *
You emit a cloud of dark smoke.
The +4 battleaxe of flaming burns you!
* * * LOW HITPOINT WARNING * * *
You emit a cloud of dark smoke.
The +4 battleaxe of flaming attacks as it pursues you!
The +4 battleaxe of flaming hits you!!
You die...

#.# #.# #.# #'####
#....## ##.....##
###.).....#
..'.......########
###............)@####
#+.....#######§(§§####
##...## ####§§§§#
#+### ####§§# ##§...
##.... ..#~~ ## #


You could see a +4 battleaxe of flaming.

Vanquished Creatures
  Jorgrun (Shoals:3)
  A sphinx (Shoals:4)
  Frances (Lair:2)
  Kirke (D:12)
  6 emperor scorpions (Spider:4)
  A frost giant (D:15)
  Louise (Elf:1)
  3 ghost moths
  A deep elf elementalist (Elf:1)
  An orc warlord (Orc:2)
  A stone giant (D:15)
  A broodmother (Spider:3)
  A deep elf death mage (Elf:1)
  3 minotaurs (Shoals:4)
  5 merfolk javelineers
  3 entropy weavers
  A merfolk impaler (Shoals:4)
  A rakshasa (D:12)
  3 hydras
  5 merfolk avatars
  An ogre mage (D:15)
  2 radroaches
  4 two-headed ogres
  An ironbound frostheart (D:13)
  2 jorogumos (Spider:3)
  2 merfolk aquamancers (Shoals:4)
  An alligator snapping turtle (Shoals:3)
  6 centaur warriors
  7 dancing weapons
  8 boulder beetles
  7 tengu warriors
  4 demonic crawlers
  12 satyrs
  Urug (D:12)
  An orc high priest (Orc:2)
  A skyshark (shapeshifter) (D:14)
  2 deep elf knights (Elf:2)
  6 skysharks
  An iron troll (Depths:1)
  A salamander mystic (D:10)
  9 skeletal warriors
  10 sea snakes
  A deep troll (Depths:1)
  4 pharaoh ants
  7 deep elf archers
  Lodul (D:12)
  6 orb spiders
  8 steelbarb worms
  3 orc knights
  5 deep elf pyromancers
  8 deep elf zephyrmancers
  2 obsidian bats
  Pikel (D:8)
  39 harpies
  4 orc sorcerers
  3 cyclopes
  2 oklob plants (Lair:4)
  10 ugly things
  13 fauns
  A salamander (D:10)
  17 wolf spiders
  2 elephants (Lair:5)
  14 manticores
  3 moths of wrath
  9 meliai
  6 merfolk sirens
  4 black mambas
  3 kobold blastminers
  7 torpor snails
  A guardian serpent (Lair:3)
  A water nymph (Shoals:4)
  12 cane toads
  3 rime drakes
  2 gargoyles (D:12)
  Maggie (D:8)
  10 komodo dragons
  An efreet (D:13)
  27 merfolk
  8 wind drakes
  A polar bear (Lair:3)
  2 hornets
  10 trolls
  15 tarantellas
  2 raiju (shapeshifter)
  17 blink frogs
  7 dream sheep (Lair:3)
  13 snapping turtles
  Sigmund (D:2)
  9 slime creatures
  27 jumping spiders
  3 air elementals
  10 water elementals
  12 culicivoras
  2 centaur simulacra (D:14)
  A spriggan (Depths:1)
  3 hogs (D:12)
  3 wyverns
  A yak (shapeshifter) (D:13)
  2 wraiths
  9 basilisks
  8 wargs
  59 yaks
  50 redbacks
  8 vampire mosquitoes (D:12)
  2 steam dragons
  8 water moccasins
  3 sky beasts
  2 ice beasts
  3 black bears
  20 ogres
  32 orc warriors
  2 laughing skulls (D:13)
  7 wolves
  22 centaurs
  8 boggarts
  3 lemures
  5 kobold brigands
  12 bullfrogs
  5 scorpions
  A gnoll sergeant (D:11)
  2 earth elementals
  17 wights
  6 electric eels
  5 howler monkeys
  3 bombardier beetles
  2 lava snakes (Lair:1)
  5 hounds
  5 jellies
  4 gnoll boudas
  20 orc priests
  A sleepcap (D:7)
  31 orc wizards
  4 iguanas
  11 hell rats
  Robin (D:2)
  22 gnolls
  6 adders
  3 shadow imps
  2 white imps (D:7)
  2 ufetubi (D:6)
  2 dart slugs
  2 ribbon worms
  98 orcs
  6 endoplasms
  4 giant cockroaches
  17 hobgoblins
  10 jackals
  4 quokkas
  9 ball pythons
  8 bats
  A frilled lizard (D:1)
  14 goblins
  26 kobolds
  2 rats (D:1)
1144 creatures vanquished.

Vanquished Creatures (collateral kills)
  A two-headed ogre (Orc:2)
  A tengu warrior (D:13)
  A salamander (D:10)
3 creatures vanquished.

Vanquished Creatures (others)
  6 dancing weapons
6 creatures vanquished.

Grand Total: 1153 creatures vanquished

Notes
Turn   | Place    | Note
-------+----------+-------------------------------------------
     0 | D:1      | ForkInBrain the Spriggan Brigand began the quest for the
                  | Orb.
     0 | D:1      | Reached XP level 1. HP: 10/10 MP: 2/2
   223 | D:1      | Reached XP level 2. HP: 3/15 MP: 3/3
   505 | D:1      | Reached skill level 2 in Dodging
   576 | D:1      | Found a faded altar of an unknown god.
   782 | D:1      | Reached XP level 3. HP: 18/18 MP: 4/4
  1078 | D:2      | Noticed Sigmund
  1210 | D:2      | Found a sparkling altar of Nemelex Xobeh.
  1343 | D:2      | Noticed Robin
  2145 | D:2      | Killed Robin
  2146 | D:2      | Reached XP level 4. HP: 23/23 MP: 5/5
  2251 | D:3      | Found the +7 Throatcutter {drain, coup de grace}
  2308 | D:3      | Found Zugim's Magic Scroll Shop.
  2332 | D:3      | Bought a scroll of teleportation for 33 gold pieces
  2332 | D:3      | Bought a scroll of identify for 22 gold pieces
  2332 | D:3      | Bought a scroll of identify for 22 gold pieces
  2457 | D:3      | Reached skill level 1 in Ranged Weapons
  2705 | D:3      | Found Zicoa's Distillery.
  2726 | D:4      | Noticed a scorpion
  2726 | D:4      | Noticed an ogre
  2732 | D:3      | Killed a scorpion
  2733 | D:3      | Reached skill level 3 in Dodging
  2733 | D:3      | Reached XP level 5. HP: 27/27 MP: 6/6
  2740 | D:4      | Killed an ogre
  2782 | D:4      | Noticed an ogre
  2837 | D:4      | Killed an ogre
  2838 | D:4      | Reached XP level 6. HP: 32/32 MP: 7/7
  2855 | D:4      | Reached skill level 4 in Dodging
  2982 | D:4      | Found a shadowy altar of Dithmenos.
  2987 | D:4      | Reached XP level 7. HP: 31/36 MP: 8/8
  3010 | D:4      | Became a worshipper of Dithmenos the Shadowed
  3760 | D:5      | Entered Level 5 of the Dungeon
  3988 | D:5      | Reached skill level 5 in Short Blades
  4174 | D:5      | Reached skill level 5 in Dodging
  4418 | D:5      | Upgraded the game from 0.32-a0-834-geaf45d8e21 to
                  | 0.32-a0-841-g4648e6c457
  4548 | D:5      | Reached XP level 8. HP: 41/42 MP: 9/9
  4704 | D:5      | Found a white marble altar of Elyvilon.
  5009 | D:5      | Reached skill level 5 in Ranged Weapons
  5037 | D:5      | Reached * piety under Dithmenos
  5880 | D:6      | Learned a level 3 spell: Tukima's Dance
  5972 | D:6      | Reached skill level 1 in Spellcasting
  5972 | D:6      | Reached skill level 1 in Hexes
  6296 | D:6      | Reached XP level 9. HP: 46/46 MP: 12/12
  7460 | D:6      | Reached ** piety under Dithmenos
  7933 | D:7      | Reached skill level 5 in Fighting
  8039 | D:7      | Reached skill level 1 in Armour
  8223 | D:7      | Found a staircase to the Ecumenical Temple.
  8397 | D:7      | Found an ornate altar of the Wu Jian Council.
  8563 | Temple   | Entered the Ecumenical Temple
  8633 | D:8      | Noticed a two-headed ogre
  8789 | D:8      | Noticed Pikel
  8805 | D:8      | Killed Pikel
  8806 | D:8      | Reached skill level 5 in Hexes
  8806 | D:8      | Reached XP level 10. HP: 51/51 MP: 14/14
  8874 | D:8      | Found a sacrificial altar of Ru.
  9203 | D:8      | Killed a two-headed ogre
  9571 | D:8      | Noticed Amaemon
  9667 | D:8      | Reached *** piety under Dithmenos
  9695 | D:8      | Noticed Maggie
  9825 | D:8      | Killed Maggie
  9826 | D:8      | Reached skill level 10 in Ranged Weapons
 10442 | D:2      | Killed Sigmund
 10470 | D:2      | Found a sparkling altar of Nemelex Xobeh.
 10933 | D:9      | Found a burning altar of Makhleb.
 10933 | D:9      | Noticed a blizzard demon
 11132 | D:9      | Found a sparkling altar of Nemelex Xobeh.
 11183 | D:9      | Found a staircase to the Orcish Mines.
 11961 | D:10     | Entered Level 10 of the Dungeon
 11965 | D:10     | Noticed a cane toad
 12143 | D:10     | Reached **** piety under Dithmenos
 12250 | D:10     | Found a staircase to the Lair.
 12281 | D:10     | Reached XP level 11. HP: 54/54 MP: 15/15
 12623 | D:10     | Reached skill level 6 in Dodging
 12935 | D:10     | Learned a level 3 spell: Teleport Other
 13029 | D:10     | Noticed a salamander mystic
 13174 | Lair:1   | Entered Level 1 of the Lair of Beasts
 13353 | Lair:1   | Reached skill level 1 in Translocations
 13590 | Lair:1   | Identified the +7 falchion of Ytist {protect, *Slow rF+
                  | Str+2}
 14345 | Lair:2   | Reached ***** piety under Dithmenos
 14716 | Lair:2   | Reached skill level 5 in Translocations
 14771 | Lair:2   | Reached XP level 12. HP: 63/63 MP: 16/16
 14985 | Lair:2   | Reached skill level 1 in Evocations
 14989 | Lair:2   | Noticed a five-headed hydra
 15023 | Lair:2   | Killed a five-headed hydra
 15365 | Lair:2   | Found a staircase to the Shoals.
 15697 | Lair:3   | Found a hole to the Spider Nest.
 15996 | Lair:3   | Noticed a boulder beetle
 16012 | Lair:3   | Killed a boulder beetle
 16263 | Lair:3   | Reached skill level 5 in Evocations
 16606 | Lair:3   | Found the +3 pair of seven-league boots {Rampage+∞}
 17052 | Lair:4   | Found a staircase to the Slime Pits.
 17647 | Lair:4   | Reached XP level 13. HP: 65/68 MP: 17/17
 17964 | Lair:5   | Entered Level 5 of the Lair of Beasts
 18089 | Lair:4   | Reached ****** piety under Dithmenos
 18442 | Lair:5   | Reached skill level 7 in Dodging
 18673 | Lair:5   | Reached skill level 15 in Ranged Weapons
 19328 | Lair:4   | Learned a level 4 spell: Passage of Golubria
 19628 | Lair:5   | Reached skill level 8 in Dodging
 20158 | Orc:1    | Entered Level 1 of the Orcish Mines
 20662 | Orc:1    | Found Ditepn's Overcharged Wands.
 20849 | Orc:2    | Entered Level 2 of the Orcish Mines
 20880 | Orc:2    | Found a roughly hewn altar of Beogh.
 20977 | Orc:2    | Found a roughly hewn altar of Beogh.
 21033 | Orc:2    | Found Keday's Jewellery Shop.
 21598 | Orc:2    | Found a staircase to the Elven Halls.
 21727 | Orc:2    | Found a roughly hewn altar of Beogh.
 21771 | Orc:2    | Found Xuycyluf's Book Shoppe.
 22045 | Orc:2    | Reached XP level 14. HP: 75/75 MP: 19/19
 22084 | Orc:2    | Noticed an orc warlord
 22123 | Orc:2    | Killed an orc warlord
 22200 | Orc:2    | Found Vaitzuw's Antique Armour Boutique.
 22201 | Orc:2    | Found a roughly hewn altar of Beogh.
 22204 | Orc:2    | Found Detsupan's Antique Weapon Shop.
 22367 | Orc:2    | Found a roughly hewn altar of Beogh.
 22388 | Orc:2    | Found Ezesm's Assorted Antiques.
 22433 | Orc:2    | Reached skill level 10 in Translocations
 22471 | Orc:2    | Found a roughly hewn altar of Beogh.
 22742 | Orc:2    | Found a roughly hewn altar of Beogh.
 23285 | D:10     | Reached skill level 9 in Dodging
 23335 | D:10     | Found the +3 salamander hide armour {Flames, rFlCloud rF++
                  | rC--}
 24010 | D:11     | Reached skill level 10 in Fighting
 24590 | D:12     | Noticed Urug
 24628 | D:12     | Killed Urug
 24751 | D:12     | Found a roughly hewn altar of Beogh.
 25137 | D:12     | Noticed Lodul
 25329 | D:12     | Killed Lodul
 25460 | D:12     | Noticed Kirke
 26014 | D:12     | Reached skill level 10 in Dodging
 26227 | D:12     | Killed Kirke
 27413 | D:13     | Reached XP level 15. HP: 65/83 MP: 4/22
 28056 | D:13     | Found a gate to the Vaults.
 28399 | D:14     | Reached skill level 5 in Spellcasting
 28405 | D:14     | Reached skill level 1 in Invocations
 29347 | D:15     | Entered Level 15 of the Dungeon
 29426 | D:15     | Noticed Xoisk's ghost (journeyman OnCA)
 29426 | D:15     | Found a runed translucent door.
 29665 | D:15     | Reached skill level 11 in Dodging
 30468 | D:15     | Noticed a frost giant
 30569 | D:15     | Killed a frost giant
 30595 | D:15     | Found a staircase to the Depths.
 30722 | Depths:1 | Entered Level 1 of the Depths
 30869 | Depths:1 | Found a radiant altar of Vehumet.
 31069 | Depths:1 | Found a gateway to Hell.
 31830 | Spider:1 | Entered Level 1 of the Spider Nest
 32478 | Lair:3   | Found a hole to the Spider Nest.
 33113 | Spider:1 | Learned a level 6 spell: Dispersal
 34048 | Spider:1 | Reached skill level 12 in Dodging
 34137 | Spider:1 | Learned a level 1 spell: Apportation
 34821 | Spider:1 | Learned a level 3 spell: Gell's Gravitas
 35187 | Spider:2 | Reached XP level 16. HP: 90/90 MP: 25/25
 38209 | Spider:2 | Reached skill level 15 in Translocations
 39329 | Spider:3 | Reached skill level 13 in Dodging
 39703 | Spider:3 | Noticed Asterion
 40955 | Spider:4 | Entered Level 4 of the Spider Nest
 40981 | Spider:3 | Paralysed by a jorogumo for 2 turns
 41044 | Spider:3 | Paralysed by a jorogumo for 3 turns
 42577 | Spider:3 | Gained mutation: You occasionally lose the ability to drink
                  | potions when taking damage. [a cacodemon]
 47330 | Spider:4 | Reached skill level 14 in Dodging
 47761 | Spider:4 | Got a gossamer rune of Zot
 48915 | Elf:1    | Entered Level 1 of the Elven Halls
 49067 | Shoals:1 | Entered Level 1 of the Shoals
 49079 | Shoals:1 | Noticed Frances
 49353 | Lair:2   | Killed Frances
 50063 | Shoals:1 | Identified the +7 sling of Deblylaz {antimagic, rElec rN+
                  | Will+}
 50102 | Shoals:1 | Reached XP level 17. HP: 95/95 MP: 21/26
 51739 | Shoals:2 | Reached skill level 10 in Stealth
 52246 | Shoals:2 | Identified the amulet "Huuloipe" {Spirit rC+}
 52856 | Shoals:3 | Noticed Bai Suzhen
 52876 | Shoals:3 | Noticed Jorgrun
 53559 | Shoals:3 | Killed Jorgrun
 53992 | Shoals:3 | Reached skill level 15 in Dodging
 54746 | Shoals:4 | Entered Level 4 of the Shoals
 54875 | Shoals:3 | Noticed Roxanne
 54901 | Shoals:4 | Reached skill level 16 in Dodging
 55745 | Shoals:4 | Reached skill level 17 in Dodging
 57030 | Shoals:4 | Reached skill level 18 in Dodging
 57911 | Shoals:4 | Got a barnacled rune of Zot
 57950 | Shoals:4 | Reached XP level 18. HP: 67/102 MP: 22/27
 59296 | Elf:1    | Found Panoitz's Distillery.
 59308 | Elf:1    | Bought a potion of cancellation for 104 gold pieces
 59308 | Elf:1    | Bought a potion of heal wounds for 65 gold pieces
 59846 | Elf:1    | Reached skill level 19 in Dodging
 59965 | Elf:1    | Paralysed by an air elemental for 1 turns
 60042 | Elf:1    | You fall into a shaft and drop 1 floor!
 60447 | Elf:1    | Noticed Louise
 60480 | Elf:1    | Killed Louise
 61926 | Elf:2    | Identified the +5 dagger of the Equinox {distort, SInv}
 61936 | Elf:2    | Found Wuoned's Antique Weapon Emporium.
 61955 | Elf:2    | Reached skill level 20 in Dodging
 61967 | Elf:2    | Bought the +7 hand cannon "Mule" {flame, backblast, rF+}
                  | for 2156 gold pieces
 61967 | Elf:2    | Found the +7 hand cannon "Mule" {flame, backblast, rF+}
 62056 | Elf:2    | Identified 4 scrolls of acquirement
 62057 | Elf:2    | Acquired a +1 buckler of reflection
 62073 | Elf:2    | Acquired the +8 arbalest of Hotat {drain, rCorr Int+5}
 62083 | Elf:2    | Acquired a manual of Stealth
 62085 | Elf:2    | Acquired the +0 arbalest of the Endless Expanse {penet,
                  | rF+}
 62226 | Elf:2    | Mangled by a +4 battleaxe of flaming

Illustrated notes

Levels and vault maps discovered:
D:1:      ldierk_walled_garden, layout_basic,
          chequers_ecumenical_altar_simple_redux, minmay_misc_feat_columns,
          hangedman_glass_teeth, chequers_garden, hangedman_decor_growths,
          nicolae_grassy_gnolls
D:2:      layout_basic, basic_altar, hangedman_decor_push, uniq_robin,
          uniq_sigmund
D:3:      layout_rooms, serial_shops, nicolae_shop_back_alley_shop,
          shop_fountains, hex_medium
D:4:      layout_basic, mainiacjoe_overflow_brackets
D:5:      minmay_recursive_quarters, layout_basic, elyvilon_altar_5,
          hangedman_abyss_or_decor_lesser_grid, minmay_misc_feat_x
D:6:      layout_gridville
D:7:      layout_gridville, nicolae_wu_jian_immortal_techniques, temple_hall
D:8:      layout_loops_corners, nicolae_ru_awakened_eye,
          amcnicky_mini_pool_medium, uniq_pikel, uniq_maggie, uniq_amaemon
D:9:      layout_roguey, makhleb_altar_promises_db,
          mainiacjoe_overflow_24_doors, orc_david_3
D:10:     layout_long_grid, dpeg_lair_monsters,
          hellmonk_guarded_unrand_salamander
D:11:     layout_cave_pods, serial_column_ruins, column_ruins_open_small_water,
          column_ruins_corridor_straight, column_ruins_open_small,
          column_ruins_open_medium, column_ruins_grid_1, kennysheep_flooded_box,
          serial_bayou_crossing
D:12:     layout_roguey [special_room_orc], uniq_lodul, uniq_kirke, uniq_urug
D:13:     layout_rooms, hellmonk_vaults_keyhole
D:14:     layout_loops_cross, grunt_decor_cap, serial_bayou_lake_a
D:15:     grunt_enter_depths_snipers, layout_cave_pools,
          hellmonk_ghost_happy_afterlife, nicolae_twisting_strands
Temple:   nicolae_temple_slightly_damp_pantheon
Lair:1:   layout_long_grid, nicolae_lair_liquid_snakes
Lair:2:   layout_regular_city, minmay_shoals_entry_centaurs, lemuel_fruit_fields
Lair:3:   layout_chaotic_city, nicolae_spider_entry_orb_guardian, st_stairs_8,
          hellmonk_guarded_unrand_seven_league_boots,
          infiniplex_staircase_pool_2
Lair:4:   layout_long_grid, minmay_slime_entry_oklob_open, minivault_27,
          kennysheep_basilisk_garden
Lair:5:   gammafunk_lair_ancient_temple, layout_regular_city
Shoals:1: layout_shoals, uniq_frances
Shoals:2: layout_shoals
Shoals:3: layout_shoals, serial_shops, nicolae_shop_gaudy_bauble,
          nicolae_shoals_gull_way, uniq_jorgrun, uniq_bai_suzhen, uniq_roxanne
Shoals:4: shoals_end_hellmonk_lost_city
Spider:1: layout_spider_delve
Spider:2: layout_chambers
Spider:3: layout_spider_delve, uniq_asterion
Spider:4: grunt_spider_rune_circles
Orc:1:    layout_caves, serial_shops, nicolae_shop_overcharged_wands
Orc:2:    grunt_orc_community_town_hall, layout_diamond_mine,
          grunt_orc_community_big_house_1, grunt_orc_community_big_house_2,
          grunt_orc_community_house_1, grunt_orc_community_house_3,
          grunt_orc_community_house_3, grunt_orc_community_house_2,
          grunt_orc_community_house_1, serial_shops, shop, basic_altar
Elf:1:    elf_arrival_001, layout_onion_city, serial_shops, shop,
          hangedman_corner_corridor, uniq_louise
Elf:2:    elven_hall_of_blades_hangedman_alternative [mumra_blade_entry_dagger],
          layout_geoelf_grid, serial_shops, shop, nicolae_shop_tiny_waterfront,
          nicolae_shop_temple_entry_statues_fountains,
          nicolae_shop_temple_entry_statues_fountains
Depths:1: layout_gridville, hell_entry, reono_crystal_passage,
          hangedman_decor_opposing, chequers_serial_rivers_small_a,
          fiery_altar_vehumet, grunt_megastairs_1

Skill      XL: |  1  2  3  4  5  6  7  8  9 10 11 12 13 14 15 16 17 18 |
---------------+-------------------------------------------------------+-----
Dodging        | 2 3 4 5 6 8 10 12 14 18 20 | 20.0
Short Blades   | 3 4 5 |  5.7
Fighting       | 2 3 4 5 6 7 8 9 11 12 13 14 | 14.0
Ranged Weapons | 1 2 3 7 9 11 13 14 15 16 17 | 17.5
Throwing       | 3 4 |  4.5
Spellcasting   | 1 2 3 4 5 |  5.4
Hexes          | 1 5 6 8 9 |  9.0
Armour         | 1 2 3 |  3.9
Stealth        | 7 9 10 | 10.7
Translocations | 5 7 9 11 14 17 18 19 | 19.0
Evocations     | 5 |  5.0
Invocations    | 2 |  2.1
Long Blades    | |  0.3

Action                     |  1- 3 |  4- 6 |  7- 9 | 10-12 | 13-15 | 16-18 || total
---------------------------+-------+-------+-------+-------+-------+-------++-------
  Melee: Dagger            |   104 |     4 |     4 |    56 |    26 |    12 ||   206
         Long sword        |       |    40 |   141 |    31 |     6 |       ||   218
         Orcbow            |       |       |       |       |       |     1 ||     1
   Fire: Sling             |    17 |     4 |   430 |       |       |       ||   451
         Orcbow            |       |       |    11 |   718 |  1897 |  2021 ||  4647
         Shortbow          |       |       |       |    16 |       |       ||    16
         Arbalest          |       |       |       |       |    36 |    23 ||    59
         Hand cannon       |       |       |       |       |       |     8 ||     8
  Throw: Dart              |    10 |       |     2 |       |       |       ||    12
   Cast: Tukima's Dance    |       |       |       |       |    31 |       ||    31
         Teleport Other    |       |       |       |       |     7 |     6 ||    13
         Gell's Gravitas   |       |       |       |       |     6 |       ||     6
         Apportation       |       |       |       |       |     2 |    50 ||    52
         Passage of Golubr |       |       |       |       |     1 |     8 ||     9
         Dispersal         |       |       |       |       |       |    44 ||    44
  Evoke: Wand              |       |       |       |       |     6 |     6 ||    12
         Phantom mirror    |       |       |       |       |       |     2 ||     2
         Sack of spiders   |       |       |       |       |       |     1 ||     1
    Use: Scroll            |       |     3 |     4 |     5 |    14 |    16 ||    42
         Potion            |       |       |       |     1 |     1 |    12 ||    14
   Stab: Sleeping          |    19 |     9 |     3 |       |       |       ||    31
         Distracted        |     1 |       |       |       |       |       ||     1
 Armour: Robe              |    22 |       |       |       |       |       ||    22
         Animal skin       |       |     6 |    24 |       |       |       ||    30
         Quicksilver drago |       |       |    48 |    78 |       |       ||   126
         Swamp dragon scal |       |       |       |    20 |   304 |   383 ||   707
  Dodge: Dodged            |    67 |    17 |   161 |   194 |   779 |  1012 ||  2230
  Block: Other             |       |       |       |       |       |     6 ||     6
         Reflection        |       |       |       |       |       |     4 ||     4

Table legend: (Time is in decaauts)
 A = Elapsed time spent in this place.
 B = Non-inter-level travel time spent in this place.
 C = Inter-level travel time spent in this place.
 D = Time resting spent in this place.
 E = Time spent auto-exploring this place.
 F = Levels seen in this place.
 G = Mean time per level.
                   A        B        C        D        E       F      G
               +--------+--------+--------+--------+--------+-----+--------+
         Total |  46352 |  41352 |   5000 |  13854 |  13620 |  34 | 1363.3 |
       Dungeon |  15874 |  13831 |   2043 |   2266 |   6065 |  15 | 1058.3 |
        Temple |      1 |      1 |      0 |      0 |      0 |   1 |    1.0 |
          Lair |   6061 |   5348 |    713 |    738 |   2496 |   5 | 1212.2 |
        Shoals |   8484 |   8226 |    258 |   5581 |    670 |   4 | 2121.0 |
   Spider Nest |  11441 |   9894 |   1547 |   4273 |   3143 |   4 | 2860.2 |
  Orcish Mines |   1864 |   1611 |    253 |    339 |    411 |   2 |  932.0 |
   Elven Halls |   2144 |   2075 |     69 |    553 |    744 |   2 | 1072.0 |
        Depths |    480 |    365 |    115 |    103 |     88 |   1 |  480.0 |
               +--------+--------+--------+--------+--------+-----+--------+

Top non-repeatable levels by time:
Spider:4: 4847 daAuts
Shoals:4: 3499 daAuts
Spider:2: 2658 daAuts
Spider:3: 2355 daAuts
Shoals:2: 1907 daAuts
    D:12: 1888 daAuts
   Elf:1: 1885 daAuts
Shoals:1: 1728 daAuts
  Lair:3: 1705 daAuts
Spider:1: 1580 daAuts
     D:5: 1430 daAuts
   Orc:2: 1371 daAuts
    D:15: 1359 daAuts
Shoals:3: 1349 daAuts
  Lair:5: 1294 daAuts
